 Dungeon Crawl Stone Soup version 0.27.1-1-g398f81649c (webtiles) character file.

Game seed: 1690391361531255815

4943 H0rd4k the Martial Artist (level 10, -9/63 HPs)
             Began as an Octopode Transmuter on Sept 10, 2021.
             Was an Initiate of Gozag.
             Mangled by a hornet (16 damage)
             ... while paralysed by a hornet
             ... on level 9 of the Dungeon on Sept 13, 2021.
             The game lasted 00:24:49 (14358 turns).

H0rd4k the Martial Artist (Octopode Transmuter)    Turns: 14358, Time: 00:24:49

Health: -9/63      AC:  2    Str: 16    XL:     10   Next: 52%
Magic:  27/27      EV:  5    Int: 18    God:    Gozag
Gold:   451        SH:  0    Dex: 18    Spells: 6/19 levels left

rFire    + . .     SeeInvis +     - Unarmed
rCold    + + .     Faith    .   (shield currently unavailable)
rNeg     + . .     Spirit   .   (helmet currently unavailable)
rPois    .         Reflect  +   A - amulet of reflection
rElec    .         Harm     .   h - +6 ring of strength
rCorr    .         Rampage  .   o - ring of protection from cold
Will     ++...                  v - ring of protection from fire
Stlth    +++.......             B - ring of see invisible
HPRegen  0.20/turn              D - ring of Xoec {rPois rN+ Will+ SInv}
MPRegen  0.20/turn              G - ring of magical power
                                r - ring "Sihim" {rC+ Will+ Slay+2}
                                (no ring)

@: paralysed, lethally poisoned (-9 -> -47), spider-form (expiring), slowed
A: venomous fangs, almost no armour, (amphibious), 8 rings, tiny, (camouflage
1), (gelatinous body 1), (nimble swimmer 1), (tentacles)
a: End Transformation, Renounce Religion, Potion Petition, Call Merchant, Bribe
Branch


You were on level 9 of the Dungeon.
You worshipped Gozag.
Gozag was aware of your devotion.
You were a venomous arachnid creature.
You visited 1 branch of the dungeon, and saw 9 of its levels.

You collected 1720 gold pieces.
You spent 1221 gold pieces at shops.
You paid 48 gold pieces to Gozag.

Inventory:

Hand Weapons
 x - a +2 shortbow of freezing
Missiles
 y - 208 arrows
Jewellery
 h - a +6 ring of strength (left front leg)
 o - a ring of protection from cold (right front leg)
 r - the ring "Sihim" (on tentacle) {rC+ Will+ Slay+2}
   (You bought it in a shop on level 1 of the Dungeon)

   [ring of willpower]

   Slay:      It affects your accuracy & damage with ranged weapons and melee
   (+2).
   rC:        It protects you from cold.
   Will:      It increases your willpower.
 v - a ring of protection from fire (on tentacle)
 A - an amulet of reflection (around neck)
 B - a ring of see invisible (on tentacle)
 D - the ring of Xoec (on tentacle) {rPois rN+ Will+ SInv}
   (You bought it in a shop on level 1 of the Dungeon)

   [ring of positive energy]

   rPois:     It protects you from poison.
   rN:        It protects you from negative energy.
   SInv:      It lets you see invisible.
   Will:      It increases your willpower.
 G - a ring of magical power (on tentacle)
Wands
 n - a wand of iceblast (10)
 F - a wand of acid (3)
Scrolls
 a - 2 scrolls of vulnerability {unknown}
 c - 6 scrolls of teleportation
 e - a scroll of summoning {unknown}
 f - 4 scrolls of noise {unknown}
 j - 2 scrolls of fog {unknown}
 l - 2 scrolls of enchant weapon {unknown}
 p - a scroll of fear {unknown}
 q - a scroll of immolation {unknown}
 t - 4 scrolls of amnesia {unknown}
 z - 3 scrolls of enchant armour {unknown}
 C - a scroll of blinking
 E - 3 scrolls of torment {unknown}
 H - a scroll of brand weapon {unknown}
Potions
 b - 2 potions of resistance
 d - a potion of attraction
 g - 3 potions of brilliance
 i - a potion of haste
 k - a potion of berserk rage
 m - 2 potions of curing {unknown}
 s - a potion of lignification {unknown}
 u - 2 potions of heal wounds
 w - 2 potions of cancellation
 I - a potion of degeneration {unknown}


   Skills:
 + Level 3.0 Fighting
 + Level 5.1 Dodging
 + Level 6.3 Stealth
 + Level 1.0 Shields
 + Level 10.1 Unarmed Combat
 + Level 5.4 Spellcasting
 + Level 5.0 Transmutations
 * Level 2.6 Ice Magic
 + Level 5.2 Poison Magic
 + Level 0.1 Evocations


You had 6 spell levels left.
You knew the following spells:

 Your Spells              Type           Power      Damage    Failure   Level
a - Beastly Appendage     Tmut           46%        N/A       7%          1
b - Spider Form           Tmut/Pois      11%        N/A       14%         3
c - Poisonous Vapours     Pois/Air       28%        N/A       19%         2
d - Ice Form              Ice/Tmut       18%        N/A       47%         4
e - Ozocubu's Armour      Ice            14%        N/A       30%         3

Your spell library contained the following spells:

 Spells                   Type           Power      Damage    Failure   Level
 Wereblood                Tmut           23%        N/A       10%         2
 Passwall                 Tmut/Erth      10%        N/A       19%         2
 Ignite Poison            Fire/Tmut/Pois 17%        N/A       24%         3
 Sandblast                Erth           8%         2d5       30%         1
 Corpse Rot               Necr/Air       N/A        N/A       38%         2
 Static Discharge         Conj/Air       4%         N/A       38%         2
 Conjure Flame            Conj/Fire      4%         6-21      58%         3
 Tukima's Dance           Hex            4%         N/A       58%         3
 Dispel Undead            Necr           4%         3d7       90%         4
 Passage of Golubria      Tloc           N/A        N/A       90%         4
 Sticky Flame             Conj/Fire      4%         2d3       90%         4
 Yara's Violent Unravell  Hex/Tmut       6%         3d5       90%         5
 Freezing Cloud           Conj/Ice/Air   4%         6-21      98%         5
 Lee's Rapid Deconstruct  Erth           2%         3d5*      99%         5
 Ozocubu's Refrigeration  Ice            7%         4d6       100%        7


Dungeon Overview and Level Annotations

Branches:
Dungeon (9/15)             Temple (0/1) D:5
   Lair: D:8-11         Orc: D:9-12

Altars:
Ashenzari
Dithmenos
Fedhas
Gozag
Hepliaklqana
Kikubaaqudgha
Nemelex Xobeh
Okawaru
Qazlal
Sif Muna
Uskayaw
Xom
Yredelemnul

Shops:
D:1 [==*?   D:3 (

Annotations:
D:2 exclusion: ice beast
D:3 exclusion: 2 downstairs
D:6 Edmund, Grinder
D:7 Maggie
D:8 2 transporters, makewrite's ghost, journeyman MiFi


Innate Abilities, Weirdness & Mutations

You are a venomous arachnid creature.
You have poisonous fangs.
You are tiny and dextrous.
Your spellcasting is less reliable in this form.
Your armour is entirely melded.
You are incapable of wielding weapons or throwing items.
You cannot wear most types of armour.
((You are amphibious.))
You can wear up to eight rings at the same time.
((Your skin changes colour to match your surroundings (Stealth+).))
((Your rubbery body absorbs attacks. (AC +1, EV +1)))
((You are camouflaged near water. (Stealth+)))
((You have tentacles for arms and can constrict up to eight enemies at once.))


Message History

The orc wizard casts a spell at you. You resist with almost no effort.
The orc priest calls upon Beogh to heal the orc wizard.
The orc wizard is healed somewhat.
There is an open door here.
Your transformation is almost over.
You barely miss the orc wizard.
The orc wizard gestures at you while chanting.
You resist with almost no effort.
You closely miss the orc wizard. You closely miss the orc wizard.
The orc wizard casts a spell at you. You resist with almost no effort.
You hit the orc wizard.
The orc wizard is poisoned.
The orc wizard is heavily wounded.
The orc wizard hits you with a +2 dagger of venom.
You are poisoned.
You block the hornet's attack.
The orc wizard gestures wildly while chanting.
The orc wizard flickers and vanishes for a moment.
You maul the hornet!!
The hornet is poisoned.
The hornet is heavily wounded.
You feel sick. The hornet stings you!
You suddenly lose the ability to move!
The orc wizard hits you with a +2 dagger of venom.
You are more poisoned.
You feel very sick. The hornet stings you.
You are more poisoned.
You feel yourself slow down.
The orc wizard hits you with a +2 dagger of venom.
You are more poisoned.
The hornet stings you!
* * * LOW HITPOINT WARNING * * *
You are more poisoned.
You feel as though you will be slow longer.
* * * LOW HITPOINT WARNING * * *
You feel extremely sick. The hornet stings you!
You die...
Your body crumbles into a pile of gold.

...######..#......###
#..#.......#.........
#.......#.........
#..#.......#.........
#..#.......#.......##
#..#.......#.......#.
#..#.......##......#.
+..#........#......#.
#####..#so......#......#.
......>##y####+##......#.
.......o.oo............##
.......o.................
#####...............####.
#...............# #.
#.#####.........# #. #.
#.........# #. #.
#.........# #.


You could see a hornet (very poisoned), 2 orc wizards and an orc.

Vanquished Creatures
  Pikel (D:5)
  Eustachio (D:4)
  Menkaure (D:4)
  2 water moccasins (D:5)
  Duvessa (D:4)
  2 sky beasts
  2 ice beasts
  3 necrophages
  2 ogres
  4 centaurs
  A lemure (D:5)
  A phantom (D:6)
  A bullfrog (D:8)
  2 gnoll sergeants
  3 scorpions
  Dowan (D:4)
  A water moccasin skeleton (D:6)
  11 killer bees
  7 wights (D:8)
  2 howler monkeys (D:8)
  A bullfrog zombie (D:3)
  6 centaur zombies
  2 jellies
  2 bullfrog skeletons
  A centaur skeleton (D:5)
  3 orc priests
  6 hounds
  10 orc wizards
  4 iguanas
  Natasha (thrice) (D:3)
  A killer bee zombie (D:7)
  2 howler monkey zombies
  10 gnolls
  5 adders
  2 howler monkey skeletons
  A shadow imp (D:5)
  3 white imps (D:7)
  2 worms (D:3)
  A dart slug (D:2)
  40 orcs
  5 ball pythons
  5 bats
  5 endoplasms
  3 giant cockroaches (D:3)
  4 goblins
  7 hobgoblins
  6 kobolds
  2 quokkas (D:4)
  2 frilled lizards
  22 rats
215 creatures vanquished.

Vanquished Creatures (others)
  A withered plant (D:8)
1 creature vanquished.

Grand Total: 216 creatures vanquished

Notes
Turn   | Place    | Note
-------+----------+-------------------------------------------
     0 | D:1      | H0rd4k the Octopode Transmuter began the quest for the Orb.
     0 | D:1      | Reached XP level 1. HP: 13/13 MP: 3/3
    44 | D:1      | Found Serruces's Magic Scroll Shoppe.
   143 | D:1      | Found a faded altar of an unknown god.
   254 | D:1      | Found Hotiguof's General Store.
   271 | D:1      | Found Ohaud's Jewellery Emporium.
   385 | D:1      | Found Vuteluuh's Jewellery Shop.
   394 | D:1      | Found Fonamak's Armour Boutique.
   401 | D:1      | Reached XP level 2. HP: 18/18 MP: 5/5
   712 | D:2      | Reached XP level 3. HP: 23/23 MP: 4/6
   716 | D:2      | Learned a level 3 spell: Spider Form
  1395 | D:2      | Reached skill level 4 in Unarmed Combat
  1395 | D:2      | Reached XP level 4. HP: 23/28 MP: 5/7
  1520 | D:3      | Found an opulent altar of Gozag.
  1531 | D:3      | Became a worshipper of Gozag Ym Sagoz the Greedy
  1552 | D:3      | Noticed an ice beast
  1846 | D:3      | Found a sparkling altar of Nemelex Xobeh.
  1846 | D:3      | Noticed Natasha
  1861 | D:3      | Killed Natasha
  2012 | D:3      | Found Xynemyfo's Weapon Shop.
  2019 | D:3      | Reached XP level 5. HP: 27/33 MP: 6/9
  2089 | D:3      | You fall into a shaft and drop 2 floors!
  2089 | D:5      | Entered Level 5 of the Dungeon
  2118 | D:5      | Found a stormy altar of Qazlal.
  2399 | D:5      | Reached XP level 6. HP: 30/38 MP: 9/11
  2490 | D:5      | Noticed a water moccasin
  2495 | D:5      | Noticed a necrophage
  2511 | D:5      | Killed a necrophage
  2695 | D:5      | Noticed a water moccasin
  2724 | D:5      | Found a staircase to the Ecumenical Temple.
  2807 | D:5      | Found a broken altar of Ashenzari.
  3260 | D:4      | Reached skill level 5 in Unarmed Combat
  3260 | D:4      | Reached skill level 1 in Poison Magic
  3368 | D:4      | Noticed Eustachio
  3826 | D:3      | Noticed Natasha
  3830 | D:3      | Reached XP level 7. HP: 34/43 MP: 9/13
  3837 | D:3      | Killed Natasha
  4086 | D:3      | Noticed Natasha
  4099 | D:3      | Killed Natasha
  4199 | D:4      | HP: 2/43 [ogre (25)]
  4256 | D:3      | You fall into a shaft and drop 3 floors!
  4694 | D:6      | Learned a level 2 spell: Poisonous Vapours
  4705 | D:6      | Learned a level 4 spell: Ice Form
  4740 | D:6      | Noticed Grinder
  4946 | D:5      | Reached skill level 1 in Ice Magic
  5207 | D:6      | Reached XP level 8. HP: 45/50 MP: 14/14
  5839 | D:6      | Found a shimmering blue altar of Sif Muna.
  5855 | D:6      | Reached skill level 6 in Unarmed Combat
  6512 | D:6      | Noticed Edmund
  6950 | D:6      | Learned a level 3 spell: Ozocubu's Armour
  7420 | D:7      | Reached skill level 1 in Stealth
  7506 | D:7      | Identified the amulet of the Wizarding Queen {Acrobat +Inv
                  | rC+ Int-5}
  7525 | D:7      | Reached skill level 7 in Unarmed Combat
  7545 | D:7      | Found a hide-covered altar of Uskayaw.
  7550 | D:7      | Noticed Maggie
  7642 | D:7      | Reached XP level 9. HP: 35/54 MP: 13/16
  7755 | D:7      | Found a shadowy altar of Dithmenos.
  8427 | D:7      | Found a shimmering altar of Xom.
  8428 | D:7      | Found a shimmering altar of Xom.
  8428 | D:7      | Found a shimmering altar of Xom.
  8428 | D:7      | Found a shimmering altar of Xom.
  8429 | D:7      | Found a shimmering altar of Xom.
  8429 | D:7      | Found a shimmering altar of Xom.
  8443 | D:7      | Reached skill level 5 in Spellcasting
  8449 | D:7      | Found a shimmering altar of Xom.
  8614 | D:7      | Found a basalt altar of Yredelemnul.
  8971 | D:4      | Killed Eustachio
  9234 | D:1      | Bought a scroll of teleportation for 36 gold pieces
  9234 | D:1      | Bought a scroll of blinking for 90 gold pieces
  9351 | D:1      | Bought the ring of Xoec {rPois rN+ Will+ SInv} for 574 gold
                  | pieces
  9713 | D:4      | Noticed Menkaure
 10072 | D:4      | Reached skill level 8 in Unarmed Combat
 10363 | D:4      | Found a blossoming altar of Fedhas.
 10363 | D:4      | Found a hazy altar of Hepliaklqana.
 10472 | D:4      | Killed Menkaure
 10601 | D:4      | Noticed Dowan
 10604 | D:4      | Noticed Duvessa
 10613 | D:4      | Killed Duvessa
 10614 | D:4      | Killed Dowan
 11331 | D:5      | Noticed Pikel
 11354 | D:5      | Killed Pikel
 11355 | D:5      | Reached skill level 5 in Stealth
 11355 | D:5      | Reached skill level 9 in Unarmed Combat
 11355 | D:5      | Reached XP level 10. HP: 33/62 MP: 16/18
 12051 | D:8      | Found an ancient bone altar of Kikubaaqudgha.
 12316 | D:8      | Found a transporter.
 12321 | D:8      | Reached skill level 1 in Shields
 12329 | D:8      | Noticed makewrite's ghost (journeyman MiFi)
 12333 | D:8      | Reached skill level 5 in Poison Magic
 12417 | D:8      | Noticed a moth of wrath
 12812 | D:8      | Found a transporter.
 12837 | D:8      | Found an iron altar of Okawaru.
 13272 | D:1      | Bought the ring "Sihim" {rC+ Will+ Slay+2} for 521 gold
                  | pieces
 13729 | D:9      | Reached skill level 5 in Transmutations
 13877 | D:9      | Reached skill level 5 in Dodging
 14220 | D:9      | Reached skill level 10 in Unarmed Combat
 14356 | D:9      | Paralysed by a hornet for 3 turns
 14358 | D:9      | Mangled by a hornet

Illustrated notes

Levels and vault maps discovered:
D:1:      dpeg_arrival_arbitrary_a, layout_rooms,
          chequers_ecumenical_altar_island, serial_shops, shop, shop, shop,
          shop, nicolae_shop_waterfront
D:2:      layout_basic
D:3:      layout_rooms, grunt_gozag_breadcrumbs,
          nemelex_xobeh_ov_fountains_minmay, serial_shops, shop,
          wander_ebering_terrifying_dragon_lair, uniq_natasha
D:4:      minmay_inner_zag, layout_loops_ring,
          gammafunk_temple_overflow_elements, minmay_rat_hole, uniq_duvessa,
          uniq_menkaure, uniq_eustachio
D:5:      layout_basic, evilmike_ruin_ashenzari, lemuel_crystal_altar,
          minmay_temple_entry_statues, minmay_misc_feat_iff,
          grunt_ministairs_11, uniq_pikel
D:6:      layout_loops_ring, tgw_sif, grunt_ministairs_15,
          kennysheep_flooded_box, uniq_grinder, uniq_edmund
D:7:      layout_loops_ring, xom_shifter_show, overflow_temple_1_default,
          grunt_dithmenos_smoke_and_mirrors, lemuel_zombie_altar_yredelemnul,
          uniq_maggie
D:8:      layout_cave_pools, kiku_gazebo_garden_becter,
          mainiacjoe_overflow_catwalk, gammafunk_ghost_berserking_beasts,
          serial_glass, glass_columns_a, glass_columns_a, glass_columns_b,
          glass_columns_a, glass_columns_a, serial_bayou_pond_d
D:9:      layout_irregular_city, zombieorc2_lemuel,
          chequers_serial_rivers_small_a

Skill      XL: |  1  2  3  4  5  6  7  8  9 10 |
---------------+-------------------------------+-----
Unarmed Combat | 4 5 7 9 10 | 10.1
Spellcasting   | 3 4 5 |  5.4
Dodging        | 3 4 5 |  5.1
Transmutations | 3 4 5 |  5.0
Poison Magic   | 1 2 4 5 |  5.2
Ice Magic      | 1 2 |  2.6
Fighting       | 2 3 |  3.0
Stealth        | 2 5 6 |  6.3
Shields        | 1 |  1.0
Evocations     | |  0.1

Action                   |  1- 3 |  4- 6 |  7- 9 | 10-12 || total
-------------------------+-------+-------+-------+-------++-------
Melee: Unarmed           |    58 |   108 |   364 |   151 ||   681
       Constrict         |    16 |    17 |    16 |     2 ||    51
       Tentacles         |     6 |    13 |     7 |     1 ||    27
       Punch             |     1 |     1 |     2 |     3 ||     7
       Kick              |     2 |     8 |       |       ||    10
 Cast: Beastly Appendage |     3 |     5 |       |       ||     8
       Spider Form       |       |    10 |    42 |    16 ||    68
Evoke: Wand              |       |       |     2 |       ||     2
  Use: Potion            |       |     1 |     2 |       ||     3
       Scroll            |       |       |     1 |     6 ||     7
 Stab: Sleeping          |     8 |     1 |     9 |       ||    18
       Distracted        |       |       |     6 |       ||     6
Armor: Skin              |     5 |     8 |    23 |     7 ||    43
Dodge: Dodged            |    30 |    69 |   257 |   139 ||   495
Block: Other             |       |       |     5 |    36 ||    41
